 Dungeon Crawl Stone Soup version 0.31-a0-196-g86fe4a5e66 (webtiles) character file.

Game seed: 3336734006549908992

585 OTABOTABOTAB the Skirmisher (level 7, -1/56 HPs)
             Began as a Gnoll Hunter on June 25, 2023.
             Slain by a lemure (6 damage)
             ... led by Pikel
             ... on level 5 of the Dungeon.
             The game lasted 00:06:09 (2643 turns).

OTABOTABOTAB the Skirmisher (Gnoll Hunter)          Turns: 2643, Time: 00:06:09

Health: -1/56      AC:  4    Str: 10    XL:     7   Next: 37%
Magic:  10/10      EV: 14    Int:  8    God:
Gold:   183        SH:  0    Dex: 18    Spells: 11/11 levels left

rFire   . . .        a - +0 shortbow
rCold   . . .        (shield currently unavailable)
rNeg    . . .        o - +0 leather armour
rPois   .            k - +0 helmet
rElec   .            (no cloak)
rCorr   .            (no gloves)
SInv    .            (no boots)
Will    .....        (no amulet)
Stlth   ++           (no ring)
HPRegen 0.29/turn    (no ring)
MPRegen 0.12/turn

%: no passive effects
@: no status effects
A: fangs 1, strong nose, distributed training
a: no special abilities


You were on level 5 of the Dungeon.
You visited 1 branch of the dungeon, and saw 5 of its levels.

You collected 183 gold pieces.

Inventory:

Hand Weapons
 a - a +0 shortbow (weapon)
 b - the +6 mace of Kismet {drain, rElec rPois rC- SInv}
   (You found it on level 2 of the Dungeon)

   rC:        It makes you vulnerable to cold.
   rElec:     It insulates you from electricity.
   rPois:     It protects you from poison.
   SInv:      It lets you see invisible.
 m - a +2 dagger of venom
   (You took it off a goblin on level 3 of the Dungeon)
Missiles
 s - 12 stones
 t - 2 poisoned darts
 v - a throwing net {!d}
Armour
 k - a +0 helmet (worn)
   (You found it on level 2 of the Dungeon)
 o - a +0 leather armour (worn)
Jewellery
 c - a ring of ice {rC+, rF-}
   (You found it on level 4 of the Dungeon)
 u - a ring of flight {+Fly, !d}
   (You took it off a kobold on level 4 of the Dungeon)
Wands
 y - a wand of roots (20)
   (You found it on level 4 of the Dungeon)
Scrolls
 d - 3 scrolls of amnesia {unknown}
 e - 2 scrolls of poison {unknown}
 g - a scroll of fog {unknown}
 h - a scroll of identify {unknown}
 i - a scroll of butterflies
 j - a scroll of teleportation {unknown}
 n - 2 scrolls of revelation {unknown}
 q - a scroll of enchant weapon {unknown}
 w - a scroll of immolation {unknown}
Potions
 f - a potion of lignification {unknown}
 l - a potion of curing {unknown}
 p - 2 potions of attraction {unknown}
 r - a potion of degeneration {unknown}
 x - a potion of might {unknown}
 z - a potion of enlightenment {unknown}


   Skills:
 + Level 5.3 Fighting
 + Level 2.5 Short Blades
 + Level 2.5 Long Blades
 + Level 2.5 Axes
 + Level 2.5 Maces & Flails
 + Level 2.5 Polearms
 + Level 2.5 Staves
 + Level 8.9 Ranged Weapons
 + Level 2.5 Throwing
 + Level 2.5 Armour
 + Level 5.3 Dodging
 + Level 3.5 Stealth
 + Level 2.5 Shields
 + Level 2.5 Unarmed Combat
 + Level 2.5 Spellcasting
 + Level 2.1 Conjurations
 + Level 2.1 Hexes
 + Level 2.1 Summonings
 + Level 2.1 Necromancy
 + Level 2.1 Translocations
 + Level 2.1 Transmutations
 + Level 2.1 Fire Magic
 + Level 2.1 Ice Magic
 + Level 2.1 Air Magic
 + Level 2.1 Earth Magic
 + Level 2.1 Poison Magic
 + Level 2.8 Invocations
 + Level 2.5 Evocations


You had 11 spell levels left.
You didn't know any spells.
Your spell library contained the following spells:

 Spells                   Type           Power      Damage    Failure   Level
 Beastly Appendage        Tmut           8%         N/A       19%         1
 Sting                    Tmut/Pois      16%        1d3       19%         1
 Lesser Beckoning         Tloc           8%         N/A       28%         2
 Poisonous Vapours        Pois/Air       8%         N/A       28%         2
 Static Discharge         Conj/Air       8%         2-3/arc   28%         2
 Wereblood                Tmut           4%         N/A       28%         2
 Gell's Gravitas          Tloc           4%         N/A       50%         3
 Spider Form              Tmut/Pois      4%         N/A       50%         3
 Teleport Other           Tloc           4%         N/A       50%         3
 Vhi's Electric Charge    Tloc/Air       8%         N/A       50%         3
 Airstrike                Air            2%         2d(1-17)  88%         4
 Olgreb's Toxic Radiance  Pois           4%         N/A       88%         4
 Summon Lightning Spire   Summ/Air       4%         N/A       88%         4
 Arcjolt                  Conj/Air       2%         1d12      99%         5
 Plasma Beam              Fire/Air       2%         2x1d12    100%        6


Dungeon Overview and Level Annotations

Branches:
Dungeon (5/15)
 Temple: D:4-7

Altars:
Nemelex Xobeh
The Shining One

Annotations:
D:5 Pikel


Innate Abilities, Weirdness & Mutations

You have very sharp teeth.
Your uncanny sense of smell can sniff out nearby items.
Your experience applies equally to all skills.


Message History

No target in view!
No target in view!
No target in view!
Fire: a) +0 shortbow
Press: ? - help, Q - select action, (/) - cycle Shift-Dir - straight line, f - you Really target yourself?
Okay, then.
Reactivating autopickup.
You sense an unholy aura.
b - the +6 mace of Kismet (weapon)
{drain, rElec rPois rC- SInv} You hit the orc wizard.
The orc wizard barely misses you.
You barely miss the orc wizard. The orc wizard misses you.
The orc wizard hits you with a +0 dagger.
You take 2 damage, and have 47/56 hp.
You hit the orc wizard.
You kill the orc wizard!
Things that are here:
a +0 dagger; a +0 robe
a - a +0 shortbow (weapon)
Things that are here:
a +0 short sword; a +0 ring mail You now have 183 gold pieces (gained 19).
A lemure comes into view.
The lemure shouts!
You hear a shout! x4
Health restored: 56 A lemure is nearby!
You shoot an arrow. The arrow hits the lemure.
Pikel, Merchant of Souls comes into view.
He is wielding a +1 whip of electrocution and carrying a wand of roots (4).
Fire: a) +0 shortbow
Press: ? - help, Q - select action, (/) - cycle Shift-Dir - straight line, f - Pikel, p - lemure
Aim: Pikel, wielding a +1 whip of electrocution, wearing a +0 robe and carrying a wand of roots (4) (61% to hit)
You shoot an arrow. The arrow hits the lemure!
Fire: a) +0 shortbow
Press: ? - help, Q - select action, (/) - cycle Shift-Dir - straight line, f/p - Pikel
Aim: Pikel, wielding a +1 whip of electrocution, wearing a +0 robe and carrying a wand of roots (4) (61% to hit)
You shoot an arrow.
The arrow hits the lemure but does no damage.
Fire: a) +0 shortbow
Press: ? - help, Q - select action, (/) - cycle Shift-Dir - straight line, f/p - Pikel
Aim: Pikel, wielding a +1 whip of electrocution, wearing a +0 robe and carrying a wand of roots (4) (61% to hit)
You shoot an arrow. The arrow barely misses the lemure.
The arrow closely misses Pikel.
A lemure comes into view.
Pikel says, "I just want to get paid!"
A lemure comes into view.
The lemure attacks as you move away! The lemure closely misses you.
The lemure attacks as you move away! The lemure barely misses you.
The lemure attacks as you move away! The lemure hits you.
You take 5 damage, and have 51/56 hp.
Things that are here:
a +0 short sword; a +0 ring mail Pikel zaps a wand.
The roots erupt in riotous growth!
The grasping roots grab you! The grasping roots constrict you!
Things that are here:
a +0 dagger; a +0 robe You escape the roots grasp.
The lemure attacks as you move away! The lemure barely misses you.
You take 6 damage, and have 46/56 hp.
Pikel zaps a wand.
The roots erupt in riotous growth!
The grasping roots grab you! The grasping roots constrict you!
You take 8 damage, and have 38/56 hp.
Fire: a) +0 shortbow
Press: ? - help, Q - select action, (/) - cycle Shift-Dir - straight line, f/p - Pikel
Aim: Pikel, wielding a +1 whip of electrocution, wearing a +0 robe and carrying a wand of roots (2) (61% to hit)
You shoot an arrow. The arrow hits the lemure!
The grasping roots constrict you! The lemure closely misses you.
You take 9 damage, and have 29/56 hp.
Fire: a) +0 shortbow
Press: ? - help, Q - select action, (/) - cycle Shift-Dir - straight line, f/p - Pikel
Aim: Pikel, wielding a +1 whip of electrocution, wearing a +0 robe and carrying a wand of roots (2) (61% to hit)
You shoot an arrow.
The arrow hits the lemure but does no damage.
The grasping roots constrict you! The lemure hits you!
* * * LOW HITPOINT WARNING * * *
The grasping roots constrict you.
* * * LOW HITPOINT WARNING * * *
The lemure hits you.
* * * LOW HITPOINT WARNING * * *
You take 17 damage, and have 12/56 hp.
MASSIVE DAMAGE!!
Fire: a) +0 shortbow
Press: ? - help, Q - select action, (/) - cycle Shift-Dir - straight line, f/p - Pikel
Aim: Pikel, wielding a +1 whip of electrocution, wearing a +0 robe and carrying a wand of roots (2) (61% to hit)
You shoot an arrow. The arrow hits the lemure!
A lemure comes into view.
The lemure hits you but does no damage. The grasping roots constrict you!
* * * LOW HITPOINT WARNING * * *
The grasping roots release their grip on you.
You take 7 damage, and have 5/56 hp.
Fire: a) +0 shortbow
Press: ? - help, Q - select action, (/) - cycle Shift-Dir - straight line, f/p - Pikel
Aim: Pikel, wielding a +1 whip of electrocution, wearing a +0 robe and carrying a wand of roots (2) (61% to hit)
You shoot an arrow. The arrow barely misses the lemure.
The arrow completely misses Pikel.
The lemure hits you.
You die...

......#
##.........####..###
.5....# #.........#
##...## #.....#
#.......... ##...###
#..# #.......
####...# #5.##
.....## ###....###
##..## ####......#
##5.#
####<....#...##
#..K##
####.....####....#
+.#..#####K5@..####
##...#
####..#.5.5#####
#...# #...5.###
#...# #..#### #...#
#.## #...# #.# ##..#
..# #..# #.## ..


You could see Pikel and 4 lemures.

Vanquished Creatures
  A phantom (D:4)
  A scorpion (D:4)
  2 orc priests
  A hound (D:5)
  Jessica (D:2)
  Natasha (thrice) (D:3)
  2 iguanas
  An orc wizard (D:5)
  Robin (D:3)
  2 adders
  4 gnolls (D:4)
  An ufetubus (D:5)
  4 worms
  A dart slug (D:2)
  12 orcs
  9 ball pythons
  4 bats
  12 endoplasms
  15 goblins
  8 hobgoblins
  7 kobolds
  3 quokkas
  A frilled lizard (D:3)
  2 rats
98 creatures vanquished.

Notes
Turn   | Place    | Note
-------+----------+-------------------------------------------
     0 | D:1      | OTABOTABOTAB the Gnoll Hunter began the quest for the Orb.
     0 | D:1      | Reached XP level 1. HP: 20/20 MP: 1/1
   189 | D:1      | Reached XP level 2. HP: 26/26 MP: 2/2
   411 | D:1      | Found a faded altar of an unknown god.
   612 | D:2      | Reached XP level 3. HP: 31/31 MP: 3/3
   684 | D:2      | Reached skill level 1 in Invocations
   724 | D:2      | Identified the +6 mace of Kismet {drain, rElec rPois rC-
                  | SInv}
   792 | D:2      | Noticed Jessica
   797 | D:2      | Reached skill level 1 in Short Blades
   797 | D:2      | Reached skill level 1 in Long Blades
   797 | D:2      | Reached skill level 1 in Axes
   797 | D:2      | Reached skill level 1 in Maces & Flails
   797 | D:2      | Reached skill level 1 in Polearms
   797 | D:2      | Reached skill level 1 in Staves
   797 | D:2      | Reached skill level 1 in Throwing
   797 | D:2      | Reached skill level 1 in Armour
   797 | D:2      | Reached skill level 1 in Shields
   797 | D:2      | Reached skill level 1 in Unarmed Combat
   797 | D:2      | Reached skill level 1 in Spellcasting
   797 | D:2      | Reached skill level 1 in Evocations
   800 | D:2      | Killed Jessica
   801 | D:2      | Reached XP level 4. HP: 33/38 MP: 5/5
   837 | D:2      | Reached skill level 1 in Conjurations
   837 | D:2      | Reached skill level 1 in Hexes
   837 | D:2      | Reached skill level 1 in Summonings
   837 | D:2      | Reached skill level 1 in Necromancy
   837 | D:2      | Reached skill level 1 in Translocations
   837 | D:2      | Reached skill level 1 in Transmutations
   837 | D:2      | Reached skill level 1 in Fire Magic
   837 | D:2      | Reached skill level 1 in Ice Magic
   837 | D:2      | Reached skill level 1 in Air Magic
   837 | D:2      | Reached skill level 1 in Earth Magic
   837 | D:2      | Reached skill level 1 in Poison Magic
   955 | D:3      | Noticed Robin
  1160 | D:3      | Killed Robin
  1203 | D:3      | Reached XP level 5. HP: 43/43 MP: 7/7
  1270 | D:3      | Noticed Natasha
  1274 | D:3      | Killed Natasha
  1279 | D:3      | Noticed Natasha
  1290 | D:3      | Killed Natasha
  1345 | D:3      | Found a sparkling altar of Nemelex Xobeh.
  1386 | D:3      | Reached skill level 3 in Stealth
  1386 | D:3      | Reached skill level 2 in Invocations
  1451 | D:3      | Noticed Natasha
  1465 | D:3      | Killed Natasha
  1466 | D:3      | Reached XP level 6. HP: 22/50 MP: 8/8
  1739 | D:4      | Reached skill level 5 in Fighting
  1739 | D:4      | Reached skill level 2 in Short Blades
  1739 | D:4      | Reached skill level 2 in Long Blades
  1739 | D:4      | Reached skill level 2 in Axes
  1739 | D:4      | Reached skill level 2 in Maces & Flails
  1739 | D:4      | Reached skill level 2 in Polearms
  1739 | D:4      | Reached skill level 2 in Staves
  1739 | D:4      | Reached skill level 2 in Throwing
  1739 | D:4      | Reached skill level 2 in Armour
  1739 | D:4      | Reached skill level 5 in Dodging
  1739 | D:4      | Reached skill level 2 in Shields
  1739 | D:4      | Reached skill level 2 in Unarmed Combat
  1739 | D:4      | Reached skill level 2 in Spellcasting
  1739 | D:4      | Reached skill level 2 in Evocations
  2013 | D:4      | HP: 9/51 [gnoll/+0 spear (4)]
  2213 | D:4      | Reached XP level 7. HP: 56/56 MP: 10/10
  2351 | D:5      | Entered Level 5 of the Dungeon
  2385 | D:5      | Reached skill level 2 in Conjurations
  2385 | D:5      | Reached skill level 2 in Hexes
  2385 | D:5      | Reached skill level 2 in Summonings
  2385 | D:5      | Reached skill level 2 in Necromancy
  2385 | D:5      | Reached skill level 2 in Translocations
  2385 | D:5      | Reached skill level 2 in Transmutations
  2385 | D:5      | Reached skill level 2 in Fire Magic
  2385 | D:5      | Reached skill level 2 in Ice Magic
  2385 | D:5      | Reached skill level 2 in Air Magic
  2385 | D:5      | Reached skill level 2 in Earth Magic
  2385 | D:5      | Reached skill level 2 in Poison Magic
  2412 | D:5      | Found a glowing golden altar of the Shining One.
  2623 | D:5      | Noticed Pikel
  2641 | D:5      | HP: 13/56 [constriction (2)]
  2642 | D:5      | HP: 5/56 [constriction (7)]
  2643 | D:5      | Slain by a lemure

Illustrated notes

Levels and vault maps discovered:
D:1:      matt_arrival_los_fun, layout_rooms, ebering_ecumenical_altar_hall
D:2:      layout_basic, uniq_jessica
D:3:      layout_rooms, mainiacjoe_overflow_brackets, uniq_robin, uniq_natasha
D:4:      layout_cave_pools
D:5:      layout_cave_pods, zin_statuary, old_standard_altar,
          worldfamousw_hep_ancestral_shrine, serial_shops, shop,
          grunt_ministairs_10, uniq_pikel

Skill      XL: |  1  2  3  4  5  6  7 |
---------------+----------------------+-----
Invocations    | 1 2 |  2.8
Short Blades   | 1 2 |  2.5
Long Blades    | 1 2 |  2.5
Axes           | 1 2 |  2.5
Maces & Flails | 1 2 |  2.5
Polearms       | 1 2 |  2.5
Staves         | 1 2 |  2.5
Throwing       | 1 2 |  2.5
Armour         | 1 2 |  2.5
Shields        | 1 2 |  2.5
Unarmed Combat | 1 2 |  2.5
Spellcasting   | 1 2 |  2.5
Evocations     | 1 2 |  2.5
Conjurations   | 1 2 |  2.1
Hexes          | 1 2 |  2.1
Summonings     | 1 2 |  2.1
Necromancy     | 1 2 |  2.1
Translocations | 1 2 |  2.1
Transmutations | 1 2 |  2.1
Fire Magic     | 1 2 |  2.1
Ice Magic      | 1 2 |  2.1
Air Magic      | 1 2 |  2.1
Earth Magic    | 1 2 |  2.1
Poison Magic   | 1 2 |  2.1
Stealth        | 3 |  3.5
Fighting       | 5 |  5.3
Dodging        | 5 |  5.3
Ranged Weapons | |  8.9

Action                     |  1- 3 |  4- 6 |  7- 9 || total
---------------------------+-------+-------+-------++-------
  Melee: Mace              |       |     5 |     5 ||    10
         Bite              |       |     1 |     1 ||     2
   Fire: Shortbow          |    90 |   214 |    60 ||   364
    Use: Potion            |       |     1 |       ||     1
 Armour: Leather armour    |     8 |    12 |     4 ||    24
  Dodge: Dodged            |    20 |    70 |    27 ||   117

Table legend: (Time is in decaauts)
 A = Elapsed time spent in this place.
 B = Non-inter-level travel time spent in this place.
 C = Inter-level travel time spent in this place.
 D = Time resting spent in this place.
 E = Time spent auto-exploring this place.
 F = Levels seen in this place.
 G = Mean time per level.
                   A        B        C        D        E       F      G
               +--------+--------+--------+--------+--------+-----+--------+
         Total |   2640 |   2608 |     32 |    251 |   1806 |   5 |  528.0 |
       Dungeon |   2640 |   2608 |     32 |    251 |   1806 |   5 |  528.0 |
               +--------+--------+--------+--------+--------+-----+--------+

Top non-repeatable levels by time:
     D:4: 622 daAuts
     D:3: 622 daAuts
     D:2: 593 daAuts
     D:1: 511 daAuts
     D:5: 289 daAuts

Levels and vault maps discovered:
D:1:      matt_arrival_los_fun, layout_rooms, ebering_ecumenical_altar_hall
D:2:      layout_basic, uniq_jessica
D:3:      layout_rooms, mainiacjoe_overflow_brackets, uniq_robin, uniq_natasha
D:4:      layout_cave_pools
D:5:      layout_cave_pods, zin_statuary, old_standard_altar,
          worldfamousw_hep_ancestral_shrine, serial_shops, shop,
          grunt_ministairs_10, uniq_pikel

Table legend: (Time is in decaauts)
 A = Elapsed time spent in this place.
 B = Non-inter-level travel time spent in this place.
 C = Inter-level travel time spent in this place.
 D = Time resting spent in this place.
 E = Time spent auto-exploring this place.
 F = Levels seen in this place.
 G = Mean time per level.
                   A        B        C        D        E       F      G
               +--------+--------+--------+--------+--------+-----+--------+
         Total |   2640 |   2608 |     32 |    251 |   1806 |   5 |  528.0 |
       Dungeon |   2640 |   2608 |     32 |    251 |   1806 |   5 |  528.0 |
               +--------+--------+--------+--------+--------+-----+--------+

Top non-repeatable levels by time:
     D:4: 622 daAuts
     D:3: 622 daAuts
     D:2: 593 daAuts
     D:1: 511 daAuts
     D:5: 289 daAuts

Table legend:
 A = Kills in this place as a percentage of kills in the entire game.
 B = Kills by you in this place as a percentage of kills by you in the entire game.
 C = Kills by friends in this place as a percentage of kills by friends in the entire game.
 D = Other kills in this place as a percentage of other kills in the entire game.
 E = Experience gained in this place as a percentage of experience gained in the entire game.
 F = Experience gained in this place divided by the number of levels of this place that you have seen.
                   A       B       C       D       E      F
               +-------+-------+-------+-------+-------+----------------------
         Total | 100.0 | 100.0 |   N/A |   N/A | 100.0 | 167.4
       Dungeon | 100.0 | 100.0 |   N/A |   N/A | 100.0 | 167.4
               +-------+-------+-------+-------+-------+----------------------
